 Dungeon Crawl Stone Soup version 0.29-a0-542-g075992c915 (webtiles) character file.

Game seed: 12652525413181211178

228 dohliylev the Stinger (level 6, 0/32 HPs)
             Began as a Gargoyle Venom Mage on June 4, 2022.
             Frozen to death by an endoplasm (4 damage)
             ... on level 3 of the Dungeon.
             The game lasted 00:07:37 (2629 turns).

dohliylev the Stinger (Gargoyle Venom Mage)         Turns: 2629, Time: 00:07:38

Health: 0/32       AC:  9    Str: 12    XL:     6   Next: 2%
Magic:  8/11       EV: 12    Int: 17    God:
Gold:   106        SH:  0    Dex: 10    Spells: 5/11 levels left

rFire   + . .      SeeInvis .   (no weapon)
rCold   . . .      Faith    .   (no shield)
rNeg    + . .      Spirit   .   t - +2 robe {rF+}
rPois   ∞          Reflect  .   e - +0 helmet
rElec   +          Harm     .   (no cloak)
rCorr   .          Rampage  .   (no gloves)
Will    .....                   (no boots)
Stlth   ++........              (no amulet)
HPRegen 0.10/turn               (no ring)
MPRegen 0.12/turn               (no ring)

@: no status effects
A: sickness immunity, AC +4, negative energy resistance 1, electricity
resistance, torment resistance 1, petrification resistance
a: no special abilities


You were on level 3 of the Dungeon.
You visited 1 branch of the dungeon, and saw 3 of its levels.

You collected 106 gold pieces.

Inventory:

Armour
 e - a +0 helmet (worn)
 t - a +2 robe of fire resistance (worn)
Jewellery
 k - a ring of fire
Wands
 s - a wand of paralysis (12)
Scrolls
 c - a scroll of silence {unknown}
 h - a scroll of brand weapon {unknown}
 i - a scroll of noise {unknown}
 j - a scroll of enchant armour {unknown}
 l - 2 scrolls of identify {unknown}
 m - a scroll of fear {unknown}
 q - a scroll of summoning {unknown}
Potions
 b - a potion of magic
 d - a potion of lignification {unknown}
 f - a potion of resistance {unknown}
 g - a potion of attraction {unknown}
 n - a potion of brilliance {unknown}
 o - a potion of degeneration {unknown}
 p - a potion of mutation {unknown}
 r - a potion of curing {unknown}


   Skills:
 + Level 2.0 Dodging
 + Level 2.7 Stealth
 + Level 3.4 Spellcasting
 + Level 2.1 Transmutations
 + Level 0.3 Air Magic
 + Level 4.4 Poison Magic


You had 5 spell levels left.
You knew the following spells:

 Your Spells              Type           Power      Damage    Failure   Level
a - Sting                 Tmut/Pois      56%        1d5       4%          1
b - Poisonous Vapours     Pois/Air       22%        N/A       10%         2
c - Mephitic Cloud        Conj/Pois/Air  8%         N/A       26%         3

Your spell library contained the following spells:

 Spells                   Type           Power      Damage    Failure   Level
 Olgreb's Toxic Radiance  Pois           17%        N/A       26%         4
 Confusing Touch          Hex            2%         N/A       45%         3
 Yara's Violent Unravell  Hex/Tmut       3%         3d4       96%         5
 Enfeeble                 Hex            1%         N/A       100%        7


Dungeon Overview and Level Annotations

Branches:
Dungeon (3/15)

Altars:
Vehumet

Shops:
D:2 (


Innate Abilities, Weirdness & Mutations

You are immune to sickness and miasma.
Your stone body is resilient. (AC +4)
You are immune to poison.
You resist negative energy. (rN+)
You are resistant to electric shocks. (rElec)
You are resistant to unholy torment.
You are immune to petrification.


Message History

The sting hits the orc wizard.
The orc wizard looks even sicker.
The orc wizard is severely wounded.
The endoplasm quivers.
The orc wizard hits you with a +0 dagger.
The orc wizard attacks as you move away!
The orc wizard barely misses you. The endoplasm freezes you.
You are frozen.
The orc wizard gestures at you while chanting.
You are confused.
The endoplasm attacks as you move away! The endoplasm completely misses you.
You hit the endoplasm.
The endoplasm is lightly wounded.
The endoplasm hits you but does no damage.
The orc priest mumbles some strange prayers to Beogh against you.
Beogh smites you!
Unknown command.
You bump into the rock wall.
The endoplasm freezes you.
You are frozen.
You bump into the rock wall.
The endoplasm freezes you.
You are frozen.
* * * LOW HITPOINT WARNING * * *
You bump into the rock wall.
The orc wizard shouts!
The endoplasm barely misses you.
The orc wizard gestures wildly while chanting.
The orc wizard flickers and vanishes!
Deactivating autopickup; reactivate with Ctrl-A.
You bump into the rock wall.
The endoplasm freezes you.
You are frozen.
* * * LOW HITPOINT WARNING * * *
You bump into the rock wall.
You feel less confused.
The orc wizard looks more healthy.
The endoplasm freezes you.
You are frozen.
You die...

#...o...#..#.#[....#.#####
>............................
.###..#.####..#.........#####
#..#... #..########### #.
#..#.#..# #..####.#..# #
......ooo# #####.#J## #o#
...#@# #.# ### #.# #+#####.#
... ..$..!..# #...........o#
'............#
##.....:......#
############.# #....##.#
#...[##.######


You could see an orc priest, an orc wizard, an orc and an endoplasm.

Vanquished Creatures
  Sigmund (D:3)
  An orc wizard (D:3)
  An adder (D:2)
  A worm (D:2)
  A dart slug (D:1)
  3 ball pythons (D:1)
  2 bats
  8 endoplasms
  3 giant cockroaches
  A goblin (D:1)
  6 hobgoblins
  2 quokkas (D:1)
  3 frilled lizards
  A kobold (D:3)
  2 rats
36 creatures vanquished.

Notes
Turn   | Place    | Note
-------+----------+-------------------------------------------
     0 | D:1      | dohliylev the Gargoyle Venom Mage began the quest for the
                  | Orb.
     0 | D:1      | Reached XP level 1. HP: 10/10 MP: 3/3
   349 | D:1      | Reached XP level 2. HP: 15/15 MP: 0/5
   411 | D:1      | Learned a level 2 spell: Poisonous Vapours
   796 | D:1      | Reached XP level 3. HP: 19/19 MP: 2/6
   922 | D:1      | Reached skill level 1 in Transmutations
  1253 | D:2      | Found a faded altar of an unknown god.
  1373 | D:2      | Found a radiant altar of Vehumet.
  1593 | D:2      | Found Imuasu Weblu's Antique Weapon Shop.
  1598 | D:2      | Learned a level 3 spell: Mephitic Cloud
  2182 | D:3      | Reached XP level 4. HP: 24/24 MP: 0/7
  2248 | D:3      | Noticed Sigmund
  2256 | D:3      | Killed Sigmund
  2257 | D:3      | Reached skill level 4 in Poison Magic
  2257 | D:3      | Reached XP level 5. HP: 17/28 MP: 1/10
  2257 | D:3      | Reached XP level 6. HP: 20/32 MP: 1/11
  2629 | D:3      | Frozen to death by an endoplasm

Illustrated notes

Levels and vault maps discovered:
D:1:      noname_arrival_rooms_in_the_neighbourhood, layout_basic,
          minmay_misc_feat_five
D:2:      cheibrodos_helix_gallery, layout_loops_ring,
          chequers_ecumenical_altar_island, serial_shops, shop, basic_altar,
          hangedman_decor_points
D:3:      layout_basic, uniq_sigmund

Skill      XL: |  1  2  3  4 |
---------------+-------------+-----
Transmutations | 1 2 |  2.1
Dodging        | 2 |  2.0
Spellcasting   | 3 |  3.4
Poison Magic   | 4 |  4.4
Stealth        | |  2.7
Air Magic      | |  0.3

Action                   |  1- 3 |  4- 6 || total
-------------------------+-------+-------++-------
Melee: Unarmed           |     6 |     1 ||     7
       Punch             |     1 |       ||     1
 Cast: Sting             |    44 |    10 ||    54
       Poisonous Vapours |     8 |       ||     8
Armor: Robe              |    15 |    10 ||    25
Dodge: Dodged            |    32 |     9 ||    41

Table legend: (Time is in decaauts)
 A = Elapsed time spent in this place.
 B = Non-inter-level travel time spent in this place.
 C = Inter-level travel time spent in this place.
 D = Time resting spent in this place.
 E = Time spent auto-exploring this place.
 F = Levels seen in this place.
 G = Mean time per level.
                   A        B        C        D        E       F      G
               +--------+--------+--------+--------+--------+-----+--------+
         Total |   2628 |   2550 |     78 |   1080 |    970 |   3 |  876.0 |
       Dungeon |   2628 |   2550 |     78 |   1080 |    970 |   3 |  876.0 |
               +--------+--------+--------+--------+--------+-----+--------+

Top non-repeatable levels by time:
     D:1: 1227 daAuts
     D:2: 1135 daAuts
     D:3: 265 daAuts
